 Dungeon Crawl Stone Soup version 0.21-a0-509-gecc5317 (webtiles) character file.

31 BingusPrime the Insei (level 3, -1/26 HPs)
             Began as a Merfolk Transmuter on Nov 28, 2017.
             Shot with an arrow by a centaur (2 damage)
             ... on level 2 of the Dungeon.
             The game lasted 00:06:49 (1504 turns).

BingusPrime the Insei (Merfolk Transmuter)          Turns: 1504, Time: 00:06:49

Health: -1/26      AC:  2    Str: 10    XL:     3   Next: 22%
Magic:  3/6        EV: 21    Int: 12    God:
Gold:   25         SH:  0    Dex: 20    Spells: 2/6 levels left

rFire    . . .     SeeInvis +     - Unarmed
rCold    . . .     Gourm    .   (shield currently unavailable)
rNeg     . . .     Faith    .   (armour currently unavailable)
rPois    x         Spirit   .   (helmet currently unavailable)
rElec    .         Reflect  .   (cloak currently unavailable)
rCorr    .         Harm     .   (gloves currently unavailable)
MR       .....                  (boots currently unavailable)
Stlth    ++........             (no amulet)
HPRegen  0.08/turn              l - ring of see invisible
MPRegen  0.10/turn              (no ring)

@: spider-form
A: tiny, (change form in water), (swift swim), (stealthy swim)
a: End Transformation


You were on level 2 of the Dungeon.
You were very hungry.
You were a venomous arachnid creature.
You visited 1 branch of the dungeon, and saw 2 of its levels.

You collected 25 gold pieces.

Inventory:

Hand Weapons
 e - a cursed -2 dagger (melded)
 h - a +0 short sword
Missiles
 a - 30 arrows
Armour
 b - a +1 robe (melded)
Jewellery
 l - a ring of see invisible (left front leg)
Scrolls
 i - a scroll of teleportation
Potions
 f - 3 potions of mutation {unknown}
 j - 2 potions of curing {unknown}
 k - 2 potions of haste {unknown}
Books
 c - a book of Changes

   Spells                             Type                      Level
   a - Beastly Appendage              Transmutation                1
   b - Sticks to Snakes               Transmutation                2
   c - Spider Form                    Transmutation/Poison         3
   d - Ice Form                       Ice/Transmutation            4
   e - Blade Hands                    Transmutation                5
 n - a book of Maledictions

   Spells                             Type                      Level
   a - Corona                         Hexes                        1
   b - Ensorcelled Hibernation        Hexes/Ice                    2
   c - Confuse                        Hexes                        3
   d - Tukima's Dance                 Hexes                        3
   e - Dazzling Spray                 Conjuration/Hexes            3
Comestibles
 d - 4 bread rations
 g - a royal jelly
 m - a meat ration


   Skills:
 + Level 1.1 Fighting
 + Level 3.0 Dodging
 + Level 3.8 Unarmed Combat
 + Level 2.2 Spellcasting
 + Level 3.6 Transmutations


You had 2 spell levels left.
You knew the following spells:

 Your Spells              Type           Power        Failure   Level  Hunger
a - Beastly Appendage     Tmut           ##....       17%         1    ##.....
b - Spider Form           Tmut/Pois      #.........   58%         3    ####...


Dungeon Overview and Level Annotations

Branches:
Dungeon (2/15)

Altars:
Makhleb
Uskayaw
Yredelemnul


Message History

l - a ring of see invisible (left hand)
Found a runed shield.
Found a stone staircase leading up.
Found a stone staircase leading up.
n - a book of Maledictions A centaur comes into view.
The centaur wields a glowing shortbow.
It is covered in frost.
The centaur shoots an arrow.
The arrow hits you!
Ouch! That really hurt!
The arrow freezes you.
* * * LOW HITPOINT WARNING * * *
You see here an arrow.
Casting: Beastly Appendage
Confirm with . or Enter, or press ? or * to list all spells.
You turn into a venomous arachnid creature.
Your cursed -2 dagger melds into your body.
Your +1 robe melds into your body.
The centaur shoots an arrow.
The arrow hits you.
* * * LOW HITPOINT WARNING * * *
The arrow freezes you.
You die...

## ### #.. #.#####
#.#...# ####.#.#.#
#......#s# #.##.###.#
#.# ..# #.#c### #.#.
#.####################
#.....................
######################


You could see a centaur.

Vanquished Creatures
  An ooze (D:1)
  A worm (D:2)
  A dart slug (D:1)
  3 hobgoblins (D:1)
  A quokka (D:2)
  A bat (D:1)
  6 frilled lizards
  4 kobolds
  7 rats (D:1)
25 creatures vanquished.

Notes
Turn   | Place    | Note
-------+----------+-------------------------------------------
     0 | D:1      | BingusPrime the Merfolk Transmuter began the quest for the Orb.
     0 | D:1      | Reached XP level 1. HP: 15/15 MP: 3/3
   390 | D:1      | Reached XP level 2. HP: 16/21 MP: 3/5
   779 | D:1      | Reached XP level 3. HP: 20/26 MP: 4/6
   784 | D:1      | Learned a level 3 spell: Spider Form
  1024 | D:2      | Found a burning altar of Makhleb.
  1026 | D:2      | Found a hide-covered altar of Uskayaw.
  1026 | D:2      | Found a basalt altar of Yredelemnul.
  1503 | D:2      | Noticed a centaur
  1504 | D:2      | HP: 1/26 [centaur/arrow (6)]
  1504 | D:2      | Shot with an arrow by a centaur

Vault maps used:
D:1:      lemuel_arrival_river_bridge
D:2:      grunt_temple_overflow_open, first_bread

Skill      XL: |  1  2  3 |
---------------+----------+-----
Transmutations | 3 |  3.6
Dodging        | 3 |  3.0
Fighting       | |  1.1
Unarmed Combat | |  3.8
Spellcasting   | |  2.2

Action                   || total
-------------------------++-------
Melee: Unarmed           ||    24
       Headbutt          ||    12
       Punch             ||     1
       Short sword       ||    23
       Dagger            ||    37
 Cast: Beastly Appendage ||    18
       Spider Form       ||     2
  Use: Scroll            ||     3
 Stab: Sleeping          ||     1
  Eat: Chunk             ||     1
Armor: Robe              ||     7
Dodge: Dodged            ||    55

Table legend:
 A = Spawn XP
 B = Non-spawn XP
 C = Spawn XP percentage of total XP
 D = Spawn monster count
 E = Non-spawn monster count
 F = Spawn count percentage of total count
 G = Total turns spent on level
                    A         B        C        D         E        F      G
               +---------+---------+-------+---------+---------+-------+---------
         Total |       0 |      45 |   0.0 |       0 |      25 |   0.0 |  1504
               +---------+---------+-------+---------+---------+-------+---------
           D:1 |       0 |      35 |   0.0 |       0 |      21 |   0.0 |   991
           D:2 |       0 |      10 |   0.0 |       0 |       4 |   0.0 |   513
               +---------+---------+-------+---------+---------+-------+---------
